 Dungeon Sprint DCSS version 0.28-a0-925-gd5e1996cdb (webtiles) character file.

Game seed: 12678012693265133054

113 emperorscorpion the Magician (level 5, -10/35 HPs)
             Began as a Djinni Air Elementalist on Nov 26, 2021.
             Was an Initiate of Makhleb.
             Killed from afar by an acid dragon (30 damage)
             ... with a splash of acid
             ... in the Dungeon (Sprint IX: "|||||||||||||||||||||||||||||").
             The game lasted 00:01:20 (431 turns).

emperorscorpion the Magician (DjAE)                  Turns: 431, Time: 00:01:21

Health: -10/35     AC:  2    Str: 10    XL:     5   Next: 17%
Gold:   0          EV: 13    Int: 21    God:    Makhleb [......] SH:  0 Dex: 13

rFire   + + .      SeeInvis .   i - +2 halberd (venom)
rCold   x . .      Faith    .   (shield currently unavailable)
rNeg    . . .      Spirit   .   a - +0 robe
rPois   ∞          Reflect  .   (no helmet)
rElec   .          Harm     .   (no cloak)
rCorr   .          Rampage  .   (no gloves)
Will    .....      NoTele   +   (boots unavailable)
Stlth   ++........              (no amulet)
HPRegen 0.11/turn               n - +3 ring of strength
MPRegen 0.00/turn               o - +3 ring of intelligence

@: flying
A: sickness immunity, fire resistance 2, cold vulnerability 1, float, innate
caster, hp casting, extra vitality 1
a: Renounce Religion


You were in the Dungeon.
You worshipped Makhleb.
Makhleb was noncommittal.
You visited 1 branch

Inventory:

Hand Weapons
 i - a +2 halberd of venom (weapon)
 j - a +4 quarterstaff of speed
 k - a +2 rapier of distortion
 l - a +2 scimitar of holy wrath
Armour
 a - a +0 robe (worn)
 m - a +1 scale mail
Jewellery
 n - a +3 ring of strength (left hand)
 o - a +3 ring of intelligence (right hand)
Wands
 h - a wand of iceblast (9)
Scrolls
 f - 2 scrolls of blinking
Potions
 b - 5 potions of curing
 c - 2 potions of heal wounds
 d - a potion of haste
 e - a potion of berserk rage
 g - a potion of invisibility


   Skills:
 * Level 3.9 Armour
 + Level 3.7 Dodging
 + Level 2.8 Stealth
 + Level 6.1 Spellcasting


You had 3 spell levels left.
You knew the following spells:

 Your Spells              Type           Power      Damage    Failure   Level
a - Shock                 Conj/Air       100%       1d9       1%          1
b - Static Discharge      Conj/Air       32%        N/A       1%          2
c - Swiftness             Air            32%        N/A       2%          3
d - Airstrike             Air            16%        N/A       8%          4
e - Pain                  Necr           100%       1d9       1%          1
f - Ensorcelled Hibernat  Hex/Ice        64%        N/A       1%          2
Your spell library was empty.

Dungeon Overview and Level Annotations

Branches:
Dungeon (1/1)

Altars:
Cheibriados
Dithmenos
Elyvilon
Fedhas
Gozag
Hepliaklqana
Kikubaaqudgha
Makhleb
Nemelex Xobeh
Okawaru
Qazlal
Ru
Sif Muna
Trog
Uskayaw
Vehumet
Wu Jian
Xom
Yredelemnul
Zin
The Shining One
Beogh
Jiyva
Lugonu


Innate Abilities, Weirdness & Mutations

You are immune to sickness and miasma.
You are immune to poison.
Your flesh is very heat resistant. (rF++)
You are vulnerable to cold. (rC-)
You float through the air rather than walking.
You learn spells naturally, not from books.
Your magical power is your life essence.
You have superior vitality. (+4 HP)


Message History

The orc warrior is lightly wounded.
The zap hits the bat zombie.
The bat zombie is severely damaged.
The hornet stings you!
Unknown command.
Unknown command.
Unknown command.
Unknown command.
Unknown command.
Unknown command.
Unknown command.
Unknown command.
Casting: Shock (safe; 1% risk of failure)
Confirm with . or Enter, or press ? or * to list all spells.
The hornet is struck by an arc of lightning!
The hornet is almost dead.
The lightning grounds out.
The hornet misses you.
Unknown command.
Casting: Static Discharge (safe; 1% risk of failure)
Confirm with . or Enter, or press ? or * to list all spells.
The hornet is struck by an arc of lightning.
The hornet is almost dead.
The lightning grounds out.
The hornet stings you! The hornet completely misses you.
Unknown command.
You feel much better. The hornet stings you!
Casting: Static Discharge (safe; 1% risk of failure)
Confirm with . or Enter, or press ? or * to list all spells.
The hornet is struck by an arc of lightning.
You kill the hornet!
Makhleb accepts your kill.
The acid dragon is struck by an arc of lightning.
The acid dragon is lightly wounded.
The gnoll sergeant is struck by an arc of lightning!
The gnoll sergeant is severely wounded.
The lightning grounds out.
The acid dragon spits acid at you. The splash of acid hits you!!
Ouch! That really hurt!
You die... ▓▓▓▓▓▓▓▓▓▓▓▓▓▓▓▓▓▓▓▓▓▓▓▓ ..ZogD†@..[[.)?!'_______ ▓▓▓▓▓▓▓▓▓▓▓▓▓▓▓▓▓▓▓▓▓▓▓▓

You could see an orc warrior, an acid dragon (catching breath), a gnoll sergeant and a bat zombie.

Vanquished Creatures
  A hornet (D)
  A scorpion (D)
  An iguana (D)
  2 adders (D)
  An orc (D)
  2 ball pythons (D)
  A bat (D)
  A bat zombie (D)
  A frilled lizard (D)
  A rat (D)
12 creatures vanquished.

Notes
Turn   | Place    | Note
-------+----------+-------------------------------------------
     0 | D        | emperorscorpion the Djinni Air Elementalist began the quest
                  | for the Orb.
     0 | D        | Reached XP level 1. HP: 15/15 MP: 0/0
     6 | D        | Reached skill level 1 in Armour
     6 | D        | Reached skill level 3 in Spellcasting
    60 | D        | Noticed an iguana
    60 | D        | Noticed a scorpion
    65 | D        | Reached XP level 2. HP: 15/21 MP: 0/0
    66 | D        | Reached skill level 4 in Spellcasting
    66 | D        | Reached XP level 3. HP: 9/25 MP: 0/0
    66 | D        | Learned a level 1 spell: Pain
    66 | D        | Killed a scorpion
    67 | D        | Reached skill level 5 in Spellcasting
    67 | D        | Reached XP level 4. HP: 6/31 MP: 0/0
   316 | D        | Reached skill level 6 in Spellcasting
   316 | D        | Reached XP level 5. HP: 23/35 MP: 0/0
   316 | D        | Learned a level 2 spell: Ensorcelled Hibernation
   322 | D        | Found a snail-covered altar of Cheibriados.
   322 | D        | Found a shadowy altar of Dithmenos.
   322 | D        | Found a white marble altar of Elyvilon.
   322 | D        | Found a blossoming altar of Fedhas.
   322 | D        | Found an opulent altar of Gozag.
   323 | D        | Found a hazy altar of Hepliaklqana.
   324 | D        | Found a viscous altar of Jiyva.
   326 | D        | Found a corrupted altar of Lugonu.
   327 | D        | Found a burning altar of Makhleb.
   328 | D        | Found a sparkling altar of Nemelex Xobeh.
   329 | D        | Found an iron altar of Okawaru.
   330 | D        | Found a stormy altar of Qazlal.
   331 | D        | Found a sacrificial altar of Ru.
   333 | D        | Found a bloodstained altar of Trog.
   334 | D        | Found a hide-covered altar of Uskayaw.
   335 | D        | Became a worshipper of Makhleb the Destroyer
   337 | D        | Found an ornate altar of the Wu Jian Council.
   338 | D        | Found a shimmering altar of Xom.
   339 | D        | Found a basalt altar of Yredelemnul.
   340 | D        | Found a glowing silver altar of Zin.
   341 | D        | Found a glowing golden altar of the Shining One.
   425 | D        | Noticed an orc warrior
   425 | D        | Noticed an acid dragon
   425 | D        | Noticed a hornet
   431 | D        | Killed a hornet
   431 | D        | Killed from afar by an acid dragon

Illustrated notes

Levels and vault maps discovered:
D:        linesprint [early_d, line_temple, items_1, d_10, items_2, lair_1,
          lair_end, items_3, orc_1, orc_end, items_4, d_15, swamp_1, shoals_1,
          snake_1, spider_1, d_20, vaults_1, items_5, swamp_end, shoals_end,
          snake_end, spider_end, vaults_end, d_27, items_6, zot_1, zot_end,
          crypt_end, forest_end, elf_end, slime_end, tomb_end, abyss_end,
          pan_hell_end]

Skill      XL: |  1  2  3  4 |
---------------+-------------+-----
Armour         | 1 2 3 |  3.9
Spellcasting   | 3 4 5 6 |  6.1
Stealth        | 2 |  2.8
Dodging        | 3 |  3.7

Action                   |  1- 3 |  4- 6 || total
-------------------------+-------+-------++-------
 Cast: Shock             |     8 |     3 ||    11
       Static Discharge  |     1 |     5 ||     6
Evoke: Wand              |       |     1 ||     1
  Use: Potion            |       |     1 ||     1
Dodge: Dodged            |     4 |     5 ||     9

Table legend: (Time is in decaauts)
 A = Elapsed time spent in this place.
 B = Non-inter-level travel time spent in this place.
 C = Inter-level travel time spent in this place.
 D = Time resting spent in this place.
 E = Time spent auto-exploring this place.
 F = Levels seen in this place.
 G = Mean time per level.
                   A        B        C        D        E       F      G
               +--------+--------+--------+--------+--------+-----+--------+
         Total |    429 |    429 |      0 |    345 |      0 |   1 |  429.0 |
       Dungeon |    429 |    429 |      0 |    345 |      0 |   1 |  429.0 |
               +--------+--------+--------+--------+--------+-----+--------+

Top non-repeatable levels by time:
       D: 429 daAuts
